AoeStats
← AOELG_bravedave92

MegaRandom

506856441Analyzed
2v2 RM · 18d ago on Sep 15, 2026· 36m 12s· 4 players
Game mode
Random Map
Map size
Medium (4 player)
Population
200
Speed
Normal
Resources
Standard
Victory
Conquest
Starting age
Dark Age
Ending age
Imperial Age
RankedLock teamsTeams togetherTeam positionsShared explorationLock speedFull tech treeHidden civsTurbo modeCheats
Victory
Defeat
🇨🇳 Berbers · China
1198
+17
🇪🇸 Wu · Spain
1135
+19
🇨🇭 Franks · Switzerland
1238
-19
🇩🇪 Burmese · Germany
1174
-17
两个小妹妹种田
8:00 Feudal Age
7:12 Loom
9:20 Double-Bit Axe
9:27 Horse Collar
12:24 Castle Age
12:08 Bloodlines
12:11 Forging
12:06 Scale Barding Armor
14:24 Husbandry
14:22 Gold Mining
15:36 Iron Casting
17:24 Town Watch
20:53 Wheelbarrow
27:36 Imperial Age
26:55 Chain Barding Armor
26:26 Fletching
26:36 Padded Archer Armor
27:35 Treadmill Crane
28:19 Maghrebi Camels
27:42 Heavy Camel Rider
28:34 Bodkin Arrow
29:05 Conscription
29:52 Gold Shaft Mining
29:07 Stone Mining
30:43 Chemistry
30:04 Ballistics
33:08 Blast Furnace
32:43 Plate Barding Armor
33:08 Blast Furnace
32:43 Plate Barding Armor
32:30 Cavalier
32:31 Light Cavalry
34:34 Hand Cart
34:19 Town Patrol
35:11 Stone Mining
35:51 Hussar
aKrasia
6:26 Feudal Age
10:06 Castle Age
8:52 Stone Mining
8:53 Double-Bit Axe
11:50 Loom
14:50 Fletching
16:58 Wheelbarrow
17:29 Bow Saw
17:59 Horse Collar
19:45 Hand Cart
22:24 Heavy Plow
23:02 Ballistics
24:58 Bodkin Arrow
25:39 Gold Mining
25:56 Padded Archer Armor
30:39 Imperial Age
28:53 Scale Mail Armor
29:03 Forging
30:07 Chain Mail Armor
30:35 Pikeman
33:14 Chemistry
31:36 Halberdier
32:21 Squires
32:07 Arson
33:12 Sitting Tiger
33:50 Town Watch
34:47 Bracer
frickman
0:33 Loom
6:05 Feudal Age
7:18 Double-Bit Axe
10:12 Forging
14:08 Castle Age
12:35 Scale Barding Armor
20:55 Fervor
24:21 Bow Saw
25:01 Sanctity
25:19 Iron Casting
25:49 Wheelbarrow
24:54 Pikeman
26:12 Squires
29:06 Chain Barding Armor
34:36 Imperial Age
32:02 Gold Mining
32:43 Scale Mail Armor
35:08 Chain Mail Armor
35:38 Halberdier
AOELG_bravedave92
5:48 Feudal Age
4:27 Loom
7:34 Man-at-Arms
8:16 Horse Collar
10:33 Scale Barding Armor
10:42 Forging
13:08 Castle Age
11:30 Fletching
13:28 Wheelbarrow
15:03 Iron Casting
16:17 Gold Mining
18:48 Hand Cart
18:29 Gambesons
19:49 Bodkin Arrow
19:41 Pikeman
19:51 Elite Skirmisher
20:38 Padded Archer Armor
22:56 Chain Barding Armor
22:41 Scale Mail Armor
23:42 Chain Mail Armor
24:24 Heavy Plow
25:44 Manipur Cavalry
29:34 Imperial Age
27:33 Arson
28:11 Chain Barding Armor
30:30 Ballistics
31:25 Blast Furnace
30:50 Conscription
35:48 Plate Barding Armor
Connection lost

Rejoining the realm…

Still unreachable

The connection could not be restored.

Session expired

The server has moved on; the page needs a fresh start.